 Dungeon Crawl Stone Soup version 0.22-a0-538-g76cc104 (webtiles) character file.

64 Hebeh the Covered (level 3, -1/33 HPs)
             Began as a Minotaur Fighter on June 23, 2018.
             Slain by Crazy Yiuf
             ... wielding a +3 quarterstaff of chaos
              (4 damage)
             ... on level 2 of the Dungeon.
             The game lasted 00:03:44 (2028 turns).

Hebeh the Covered (Minotaur Fighter)                Turns: 2028, Time: 00:03:45

Health: -1/33      AC:  7    Str: 21    XL:     3   Next: 91%
Magic:  0/2        EV:  2    Int:  5    God:
Gold:   94         SH:  0    Dex:  9    Spells: 2/2 levels left

rFire    . . .     SeeInvis .   a - +0 war axe
rCold    . . .     Gourm    .   c - +0 shield
rNeg     + + +     Faith    .   b - +0 scale mail
rPois    ∞         Spirit   .   (helmet restricted)
rElec    .         Reflect  .   (no cloak)
rCorr    .         Harm     .   (no gloves)
MR       .....                  (no boots)
Stlth    ..........             (no amulet)
HPRegen  0.11/turn              (no ring)
MPRegen  0.08/turn              (no ring)

@: petrified
A: retaliatory headbutt, horns 2
a: no special abilities


You were on level 2 of the Dungeon.
You were hungry.

You visited 1 branch of the dungeon, and saw 2 of its levels.

You collected 94 gold pieces.

Inventory:

Hand Weapons
 a - a +0 war axe (weapon)
Armour
 b - a +0 scale mail (worn)
 c - a +0 shield (worn)
Jewellery
 k - an uncursed ring of stealth {unknown}
 t - a cursed amulet of inaccuracy {unknown}
 v - an uncursed ring of fire {unknown}
 w - a cursed -3 ring of evasion {unknown}
Scrolls
 e - a scroll of blinking {unknown}
 g - 3 scrolls of remove curse {unknown}
 j - 2 scrolls of teleportation {unknown}
 l - 4 scrolls of identify {unknown}
 m - 2 scrolls of fear {unknown}
 p - a scroll of enchant weapon {unknown}
 q - a scroll of enchant armour {unknown}
Potions
 d - a potion of might
 i - 2 potions of flight {unknown}
 n - a potion of haste {unknown}
 o - a potion of degeneration {unknown}
 r - a potion of curing {unknown}
 s - a potion of mutation {unknown}
 u - a potion of lignification {unknown}
Comestibles
 f - 3 rations


   Skills:
 + Level 4.0 Fighting
 + Level 3.8 Axes
 + Level 4.2 Armour
 + Level 4.1 Shields


You had 2 spell levels left.
You didn't know any spells.
Your spell library was empty.

Dungeon Overview and Level Annotations

Branches:
Dungeon (2/15)

Altars:

Annotations:
D:2 Crazy Yiuf


Innate Abilities, Weirdness & Mutations

You reflexively headbutt those who attack you in melee.
You have a pair of horns on your head.


Message History

You feel your power leaking away.
Your shield and scale mail prevent you from hitting Crazy Yiuf.
Crazy Yiuf barely misses you. You furiously retaliate!
You headbutt Crazy Yiuf.
Crazy Yiuf hits you with a quarterstaff of chaos!
You are slowing down.
You barely miss Crazy Yiuf.
Crazy Yiuf is lightly wounded.
Crazy Yiuf hits you with a quarterstaff of chaos!
Crazy Yiuf burns you.
* * * LOW HITPOINT WARNING * * *
You have turned to stone.
Crazy Yiuf hits you with a quarterstaff of chaos!
* * * LOW HITPOINT WARNING * * *
Crazy Yiuf hits you with a quarterstaff of chaos.
* * * LOW HITPOINT WARNING * * *
Crazy Yiuf burns you.
Crazy Yiuf laughs, "Line arga ragdoll!"
Crazy Yiuf barely misses you.
Crazy Yiuf hits you with a quarterstaff of chaos!
You die...

#...# #....# #..##.###.##
#...# ♣....♣ #.....#.....
#...# ♣♣...♣ #..##.......
#...# ♣♣.♣♣ #..#........
##..# ♣♣.♣ #..#........
#..# ♣.♣♣ #..#........
#..# ♣♣.♣ #..#........
##..# ♣.♣♣ #..#...#....
#...# #@# #.##...##...
#...# #.g.# #.##...##...
#...# #...# #...........
#...# #)..# #...........
#...# ##### #...........
#...# #...........
#...###########...........
#...)...........).........
##...............#........


You could see Crazy Yiuf.

Vanquished Creatures
  An adder (D:2)
  3 worms (D:2)
  3 dart slugs (D:1)
  A leopard gecko (D:2)
  A ball python (D:2)
  4 giant cockroaches (D:2)
  6 goblins
  4 hobgoblins
  9 bats
  2 frilled lizards
  A kobold (D:2)
  3 rats
38 creatures vanquished.

Notes
Turn   | Place    | Note
-------+----------+-------------------------------------------
     0 | D:1      | Hebeh the Minotaur Fighter began the quest for the Orb.
     0 | D:1      | Reached XP level 1. HP: 19/19 MP: 0/0
   124 | D:1      | Reached XP level 2. HP: 27/27 MP: 1/1
  1208 | D:2      | Reached XP level 3. HP: 23/33 MP: 2/2
  1956 | D:2      | Found a runed door.
  2020 | D:2      | Noticed Crazy Yiuf
  2028 | D:2      | Slain by Crazy Yiuf

Vault maps used:
D:1:      dpeg_arrival_renting
D:2:      uniq_crazy_yiuf_cottage

Skill      XL: |  1  2 |
---------------+-------+-----
Shields        | 4 |  4.1
Armour         | 4 |  4.2
Fighting       | 4 |  4.0
Axes           | 3 |  3.8

Action                   || total
-------------------------++-------
Melee: War axe           ||   101
       Headbutt          ||    12
  Eat: Chunk             ||     3
Armor: Scale mail        ||    65
Dodge: Dodged            ||    43
Block: Shield            ||    86

Table legend:
 A = Spawn XP
 B = Non-spawn XP
 C = Spawn XP percentage of total XP
 D = Spawn monster count
 E = Non-spawn monster count
 F = Spawn count percentage of total count
 G = Total turns spent on level
                    A         B        C        D         E        F      G
               +---------+---------+-------+---------+---------+-------+---------
         Total |       0 |      92 |   0.0 |       0 |      38 |   0.0 |  2028
               +---------+---------+-------+---------+---------+-------+---------
           D:1 |       0 |      30 |   0.0 |       0 |      15 |   0.0 |  1182
           D:2 |       0 |      62 |   0.0 |       0 |      23 |   0.0 |   846
               +---------+---------+-------+---------+---------+-------+---------
